 Dungeon Crawl Stone Soup version 0.31-a0-149-g3fdcc5976a (webtiles) character file.

Game seed: 10073849560005327698

466 mopl the Shooter (level 7, -1/43 HPs)
             Began as an Octopode Hexslinger on June 7, 2023.
             Slain by an orc
             ... wielding a +0 club
              (4 damage)
             ... on level 4 of the Dungeon.
             The game lasted 00:06:05 (3542 turns).

mopl the Shooter (Octopode Hexslinger)              Turns: 3542, Time: 00:06:07

Health: -1/43      AC:  1    Str:  4 (7)  XL:     7   Next: 8%
Magic:  11/11      EV: 13    Int: 21 (22) God:
Gold:   292        SH:  0    Dex: 15 (16) Spells: 1/12 levels left

rFire   . . .        b - +2 dagger (venom)
rCold   . . .        (no shield)
rNeg    . . .        p - +0 hat
rPois   .            (no amulet)
rElec   .            m - ring of willpower
rCorr   .            r - +6 ring of intelligence
SInv    .            (no ring)
Will    +....        (no ring)
Stlth   ++           (no ring)
HPRegen 0.27/turn    (no ring)
MPRegen 0.12/turn    (no ring)
                     (no ring)

%: no passive effects
@: lethally poisoned (-1 -> -7)
A: almost no armour, amphibious, 8 rings, camouflage 1, gelatinous body 1,
(nimble swimmer 1), tentacles
a: no special abilities


You were on level 4 of the Dungeon.
You visited 1 branch of the dungeon, and saw 5 of its levels.

You collected 292 gold pieces.

Inventory:

Hand Weapons
 a - a +1 sling
 b - a +2 dagger of venom (weapon)
Missiles
 k - 12 poisoned darts
 o - 5 boomerangs
Armour
 p - a +0 hat (worn)
Jewellery
 m - a ring of willpower (left tentacle)
 r - a +6 ring of intelligence (right tentacle)
Scrolls
 c - a scroll of teleportation {unknown}
 e - a scroll of fog {unknown}
 f - 4 scrolls of identify {unknown}
 g - 3 scrolls of poison
 h - a scroll of torment {unknown}
 j - a scroll of magic mapping {unknown}
Potions
 d - a potion of attraction {unknown}
 i - a potion of degeneration
 l - a potion of might {unknown}
 n - a potion of curing {unknown}
 q - a potion of lignification {unknown}


   Skills:
 - Level 1.0 Fighting
 * Level 5.4 Ranged Weapons
 - Level 2.0 Dodging
 + Level 3.2 Spellcasting
 + Level 4.6 Hexes


You had one spell level left.
You knew the following spells:

 Your Spells              Type           Power      Damage    Failure   Level
a - Slow                  Hex            88%        N/A       1%          1
b - Inner Flame           Hex/Fire       13%        N/A       16%         3
f - Portal Projectile     Hex/Tloc       26%        N/A       16%         3
F - Cause Fear            Hex            11%        N/A       19%         4

Your spell library contained the following spells:

 Spells                   Type           Power      Damage    Failure   Level
 Apportation              Tloc           6%         N/A       13%         1
 Necrotise                Necr           12%        1d4       13%         1
 Summon Small Mammal      Summ           12%        N/A       13%         1
 Gell's Gravitas          Tloc           3%         N/A       36%         3
 Teleport Other           Tloc           3%         N/A       36%         3
 Dispersal                Tloc           1%         N/A       100%        6


Dungeon Overview and Level Annotations

Branches:
Dungeon (5/15)
 Temple: D:4-7

Altars:
Hepliaklqana
Qazlal
Zin
The Shining One


Innate Abilities, Weirdness & Mutations

You cannot wear most types of armour.
You are amphibious.
You can wear up to eight rings at the same time.
Your skin changes colour to match your surroundings (Stealth+).
Your rubbery body absorbs attacks. (AC +1, EV +1)
((You are camouflaged when in or above water. (Stealth+)))
You have tentacles for arms and can constrict up to eight enemies at once.


Message History

The orc priest is almost dead.
You kill the orc priest!
No target in view!
No target in view!
You climb downwards.
The orc hits you with a +0 falchion.
There is a stone staircase leading up, spattered with blood here.
You climb upwards.
There is a stone staircase leading down here.
No target in view!
No target in view!
No target in view!
You climb downwards.
The orc hits you but does no damage.
The orc hits you with a +0 dagger of venom.
You are poisoned.
The orc hits you with a +0 club. The orc barely misses you.
There is a stone staircase leading up, spattered with blood here.
You feel very sick.
The orc hits you with a +0 dagger of venom.
You are more poisoned.
The orc hits you with a +0 whip. The orc hits you with a +0 club.
The orc closely misses you.
You climb upwards.
You feel very sick.
There is a stone staircase leading down here.
You hit the orc.
The orc is poisoned.
Your grab misses the orc. Your squeeze misses the orc.
The orc is severely wounded.
You feel very sick.
You kill the orc!
The orc completely misses you. The orc hits you with a +0 whip.
* * * LOW HITPOINT WARNING * * *
The orc hits you with a +0 club.
* * * LOW HITPOINT WARNING * * *
It was a potion of degeneration.
There was something very wrong with that liquid.
You feel weakened.
You feel dopey.
You feel clumsy.
* * * LOW HITPOINT WARNING * * *
You feel sick. The orc closely misses you. The orc misses you.
The orc hits you with a +0 club.
You die...

##.....#
###..........###
##....##
###....#####
##....# ##..##
##...## ##.##
##.....#### ##..#
#.........#####..##
#............#..##
#........))o....#
#.........@o...##
##.......o.....#
#.............#
###........####
##########


You could see 3 orcs.

Vanquished Creatures
  An ogre (D:4)
  A phantom (D:4)
  A jelly (D:4)
  An orc priest (D:4)
  A sleepcap (D:4)
  2 iguanas (D:4)
  7 gnolls
  3 adders
  2 ufetubi (D:4)
  3 dart slugs
  2 orcs (D:4)
  3 bats
  4 endoplasms
  3 giant cockroaches
  3 goblins
  5 hobgoblins
  2 jackals (D:2)
  5 quokkas
  7 ball pythons
  3 frilled lizards
  9 kobolds
  6 rats
74 creatures vanquished.

Notes
Turn   | Place    | Note
-------+----------+-------------------------------------------
     0 | D:1      | mopl the Octopode Hexslinger began the quest for the Orb.
     0 | D:1      | Reached XP level 1. HP: 13/13 MP: 2/2
    60 | D:1      | Reached XP level 2. HP: 17/18 MP: 3/3
   279 | D:1      | Reached XP level 3. HP: 21/23 MP: 5/5
   640 | D:2      | Learned a level 3 spell: Inner Flame
   698 | D:2      | Reached skill level 3 in Ranged Weapons
   882 | D:2      | Reached XP level 4. HP: 27/28 MP: 6/6
  1018 | D:2      | Found a glowing silver altar of Zin.
  1635 | D:3      | Reached skill level 2 in Spellcasting
  1959 | D:3      | Found a stormy altar of Qazlal.
  1966 | D:3      | Found a hazy altar of Hepliaklqana.
  2013 | D:3      | Found a faded altar of an unknown god.
  2155 | D:3      | Found a glowing golden altar of the Shining One.
  2395 | D:4      | Noticed a kobold brigand
  2513 | D:4      | Noticed a phantom
  2526 | D:4      | Reached XP level 5. HP: 30/33 MP: 8/8
  2539 | D:4      | Learned a level 3 spell: Portal Projectile
  2632 | D:4      | Killed a phantom
  2633 | D:4      | Reached skill level 4 in Ranged Weapons
  2633 | D:4      | Reached skill level 4 in Hexes
  2724 | D:4      | Reached XP level 6. HP: 38/38 MP: 9/9
  2941 | D:4      | Reached skill level 5 in Ranged Weapons
  2941 | D:4      | Reached skill level 3 in Spellcasting
  3278 | D:4      | Reached XP level 7. HP: 43/43 MP: 11/11
  3284 | D:4      | Learned a level 4 spell: Cause Fear
  3525 | D:5      | Entered Level 5 of the Dungeon
  3542 | D:4      | Slain by an orc

Illustrated notes

Levels and vault maps discovered:
D:1:      dpeg_arrival_stone_temple_mockup, layout_basic,
          hangedman_decor_riveting, serial_bayou_lake_a
D:2:      layout_basic, basic_altar, nrook_mini_vaults
D:3:      layout_basic, amethyst_overflow_temple_binary, tso_altar,
          dreamdust_ecumenical_altar_grove
D:4:      layout_cave_pods, minmay_diced_spiral
D:5:      layout_cave_pods, evilmike_ruin_ashenzari,
          minmay_temple_entry_crystal_x

Skill      XL: |  1  2  3  4  5  6 |
---------------+-------------------+-----
Ranged Weapons | 3 4 5 |  5.4
Spellcasting   | 2 3 |  3.2
Hexes          | 4 |  4.6
Fighting       | |  1.0
Dodging        | |  2.0

Action                     |  1- 3 |  4- 6 |  7- 9 || total
---------------------------+-------+-------+-------++-------
  Melee: Dagger            |    17 |    30 |     2 ||    49
         Tentacles         |     6 |    10 |     1 ||    17
         Constrict         |     5 |    12 |       ||    17
         Punch             |       |     1 |       ||     1
   Fire: Sling             |    92 |   122 |     6 ||   220
   Cast: Slow              |     1 |     3 |       ||     4
    Use: Potion            |       |       |     1 ||     1
 Armour: Skin              |     3 |     7 |     1 ||    11
  Dodge: Dodged            |    28 |    56 |     6 ||    90

Table legend: (Time is in decaauts)
 A = Elapsed time spent in this place.
 B = Non-inter-level travel time spent in this place.
 C = Inter-level travel time spent in this place.
 D = Time resting spent in this place.
 E = Time spent auto-exploring this place.
 F = Levels seen in this place.
 G = Mean time per level.
                   A        B        C        D        E       F      G
               +--------+--------+--------+--------+--------+-----+--------+
         Total |   3581 |   3465 |    116 |    333 |   2448 |   5 |  716.2 |
       Dungeon |   3581 |   3465 |    116 |    333 |   2448 |   5 |  716.2 |
               +--------+--------+--------+--------+--------+-----+--------+

Top non-repeatable levels by time:
     D:4: 1145 daAuts
     D:2: 955 daAuts
     D:3: 769 daAuts
     D:1: 701 daAuts
     D:5: 10 daAuts
